 Dungeon Crawl Stone Soup version 0.28.0 (webtiles) character file.

Game seed: 672205161600347485

109 ProzacElf the Ducker (level 4, 0/39 HPs)
             Began as a Troll Hedge Wizard on Feb 4, 2022.
             Was a Believer of Elyvilon.
             Frozen to death by an endoplasm (3 damage)
             ... on level 3 of the Dungeon.
             The game lasted 00:03:39 (1419 turns).

ProzacElf the Ducker (Troll Hedge Wizard)           Turns: 1419, Time: 00:03:40

Health: 0/39       AC:  4    Str: 18    XL:     4   Next: 60%
Magic:  4/6        EV: 10    Int: 12    God:    Elyvilon [**....]
Gold:   79         SH:  0    Dex:  9    Spells: 6/7 levels left

rFire   . . .      SeeInvis .     - Unarmed
rCold   . . .      Faith    .   (no shield)
rNeg    . . .      Spirit   .   b - +0 robe
rPois   .          Reflect  .   c - +0 hat
rElec   .          Harm     .   (no cloak)
rCorr   .          Rampage  .   (gloves unavailable)
Will    .....                   (boots unavailable)
Stlth   +.........              (no amulet)
HPRegen 0.93/turn               (no ring)
MPRegen 0.10/turn               (no ring)

@: brilliant, hasted, very quick
A: large, unfitting armour, claws 3, regeneration 1, shaggy fur 1, tough skin 1
a: Renounce Religion, Purification, Heal Other


You were on level 3 of the Dungeon.
You worshipped Elyvilon.
Elyvilon was pleased with you.
You visited 1 branch of the dungeon, and saw 3 of its levels.

You collected 79 gold pieces.

Inventory:

Hand Weapons
 d - a +0 dagger
Missiles
 a - 87 stones
Armour
 b - a +0 robe (worn)
 c - a +0 hat (worn)
Scrolls
 e - a scroll of identify {unknown}
 f - a scroll of fog {unknown}
 g - a scroll of enchant weapon {unknown}
Potions
 h - a potion of brilliance


   Skills:
 + Level 3.0 Dodging
 - Level 1.0 Stealth
 + Level 2.9 Unarmed Combat
 - Level 2.0 Spellcasting
 - Level 0.6 Conjurations
 - Level 0.6 Summonings
 - Level 0.6 Translocations


You had 6 spell levels left.
You knew the following spells:

 Your Spells              Type           Power      Damage    Failure   Level
a - Magic Dart            Conj           12%        1d3       22%         1

Your spell library contained the following spells:

 Spells                   Type           Power      Damage    Failure   Level
 Slow                     Hex            4%         N/A       26%         1
 Blink                    Tloc           6%         N/A       32%         2
 Call Imp                 Summ           3%         N/A       32%         2
 Conjure Flame            Conj/Fire      2%         6-21      58%         3
 Mephitic Cloud           Conj/Pois/Air  2%         N/A       58%         3


Dungeon Overview and Level Annotations

Branches:
Dungeon (3/15)

Altars:
Elyvilon


Innate Abilities, Weirdness & Mutations

You are too large for most types of armour.
You have claws for hands.
Your natural rate of healing is unusually fast.
You are covered in fur. (AC +1)
You have tough skin. (AC +1)


Message History

Ye take 3 damage, an' haf 8/39 hp.
Ye hear some strange, mumbled words.
Ye be confused.
It was a potion o' brilliance.
Ye feel cle'er all o' a sudd'n.
It was a potion o' haste.
Ye feel yerself speed up.
Ye hear some strange, mumbled words.
A puff o' flame appears from outta thin air!
Tha puff o' flame hits ye.
* * * LOW HITPOINT WARNIN'
* * * Ye take 4 damage, an' haf 9/39 hp.
Ye hear some strange, mumbled words.
A puff o' flame appears from outta thin air!
Tha puff o' flame misses ye.
Ye hear some strange, mumbled words.
Ye be more confused.
Ye closely miss somethin'.
Ye closely miss somethin'.
Ye hear some strange, mumbled words.
A puff o' flame appears from outta thin air!
Tha puff o' flame hits ye!
* * * LOW HITPOINT WARNIN'
* * * Ye take 9 damage, an' haf 3/39 hp.
MASSIVE DAMAGE!!
Ye closely miss somethin'.
Ye feel purified!
Ye hear some strange, mumbled words.
A magic dart appears from outta thin air!
Tha magic dart hits ye.
* * * LOW HITPOINT WARNIN'
* * * Ye take 3 damage, an' haf 1/39 hp.
Ye now haf 4/6 mp.
Ye claw somethin'!
Reactivatin' autopickup.
Ye feel a bit more 'sperienced.
Tha endoplasm hits ye but does nay damage.
Yer Dodgin' skill increases ta level 3!
Ye scratch tha endoplasm.
Tha endoplasm be moderately wounded.
Tha endoplasm freezes ye.
Ye be froz'n.
Ye die...

.8..#...# .# .8.?..))#
.# #. ##.## .#
##..##...###.#####
..........#......#
##:.##....#?.# #.#
####### #..###.#.#..#
#.# #......
#......J)...# #.#
#..####
#......@######.###....##
##.#...............P..##
#..##.#.######....P...##
#.. ###.# ####.....## ##
#.# ##...... #.# #######
#.# #.# ..#


You could see an endoplasm.

Vanquished Creatures
  An orc wizard (D:3)
  A hound zombie (D:3)
  An adder (D:2)
  An adder skeleton (D:3)
  A worm (D:2)
  2 orcs (D:3)
  5 bats
  6 endoplasms
  4 giant cockroaches (D:1)
  7 goblins
  A hobgoblin (D:1)
  5 kobolds
  A quokka (D:1)
  3 ball pythons
  3 frilled lizards
  A quokka skeleton (D:3)
  9 rats
52 creatures vanquished.

Vanquished Creatures (others)
  A fungus (D:2)
  A withered plant (D:3)
2 creatures vanquished.

Grand Total: 54 creatures vanquished

Notes
Turn   | Place    | Note
-------+----------+-------------------------------------------
     0 | D:1      | ProzacElf the Troll Hedge Wizard began the quest for the
                  | Orb.
     0 | D:1      | Reached XP level 1. HP: 16/16 MP: 2/2
   173 | D:1      | Reached skill level 1 in Unarmed Combat
   174 | D:1      | Reached skill level 2 in Dodging
   174 | D:1      | Reached XP level 2. HP: 22/24 MP: 4/4
   571 | D:1      | Reached XP level 3. HP: 25/31 MP: 5/5
   713 | D:2      | Found a faded altar of an unknown god.
   747 | D:2      | Prayed at the altar of an unknown god.
   747 | D:2      | Became a worshipper of Elyvilon the Healer
   747 | D:2      | Reached * piety under Elyvilon
  1227 | D:3      | Reached XP level 4. HP: 27/39 MP: 6/6
  1328 | D:3      | Reached ** piety under Elyvilon
  1417 | D:3      | HP: 1/39 [something/magic dart (3)]
  1419 | D:3      | Reached skill level 3 in Dodging
  1419 | D:3      | Frozen to death by an endoplasm

Illustrated notes

Levels and vault maps discovered:
D:1:      shiori_arrival_maze, layout_basic
D:2:      layout_rooms, shapermc_ecumenical_altar_gd
D:3:      layout_loops_ring, serial_undead, serial_undead_b, serial_undead_c,
          serial_undead_a, serial_undead_f, serial_undead_c, serial_undead_c

Skill      XL: |  1  2  3  4 |
---------------+-------------+-----
Unarmed Combat | 1 2 |  2.9
Dodging        | 2 3 |  3.0
Stealth        | |  1.0
Spellcasting   | |  2.0
Conjurations   | |  0.6
Summonings     | |  0.6
Translocations | |  0.6

Action                   |  1- 3 |  4- 6 || total
-------------------------+-------+-------++-------
Melee: Unarmed           |    99 |    31 ||   130
       Punch             |     2 |     1 ||     3
Invok: Purification      |       |     1 ||     1
  Use: Potion            |       |     2 ||     2
Armor: Robe              |    40 |     7 ||    47
Dodge: Dodged            |    39 |     5 ||    44
